Map: New Repugnancy LE

Players

Harstem - Winner!

  • Race: Protoss Protoss
  • League: Grandmaster
  • Spawn Location: 7:00

GunGFuBanDa

  • Race: Protoss Protoss
  • League: Master
  • Spawn Location: 1:00

Event: 2019 WCS Winter Europe

VOD

Have the link to the VOD?

Description

Time

  • Played on: Feb. 17, 2019, 9:52 a.m.
  • Length: 11:33

All games in this series

Show
View Real Time Build Order
Export as new Build Order

Harstem Protoss - Winner!

Build Orders: Phoenix Opening, Blink Stalkers, Zealot Archon 

Get SALT Encoding   

  12  0:00  Probe  
  13  0:12  Probe  
  14  0:17  Pylon  
  14  0:24  Probe  
  15  0:32  Probe  
  15  0:38  Gateway  
  15  0:40  Probe  
  16  0:48  Assimilator  
  17  0:51  Probe  
  17  0:56  Assimilator  
  18  1:00  Probe  
  19  1:08  Probe  
  19  1:09  Gateway  
  19  1:17  Probe  
  20  1:25  Cybernetics Core  
  21  1:29  Probe  
  22  1:35  Pylon  
  22  1:41  Probe  
  23  1:52  Warp Gate  
  23  1:53  Probe  
  24  2:02  Stalker, Sentry  
  28  2:08  Pylon  
  28  2:29  Sentry  
  30  2:35  Phoenix  
  29  2:38  Nexus  
  29  2:41  Sentry  
  29  2:42  Probe  
  32  2:48  Shield Battery  
  32  2:54  Probe  
  33  2:58  Stalker  
  35  3:08  Probe  
  36  3:18  Twilight Council  
  36  3:20  Probe  
  38  3:34  Shield Battery  
  38  3:43  Stalker  
  38  3:44  Pylon  
  38  3:45  Blink  
  38  3:47  Probe  
  39  3:48  Probe  
  39  3:51  Stalker  
  43  3:55  Probe  
  43  3:59  Probe  
  43  4:02  Shield Battery  
  44  4:07  Phoenix  
  44  4:08  Probe  
  45  4:15  Probe  
  47  4:18  Stalker  
  47  4:19  Stalker  
  47  4:21  Probe  
  50  4:27  Probe  
  50  4:29  Robotics Facility  
  50  4:33  Probe  
  51  4:39  Probe  
  51  4:44  Pylon  
  51  4:45  Probe  
  53  4:46  Forge  
  53  4:51  Probe  
  54  4:57  Probe  
  55  5:02  Stalker x2  
  55  5:04  Pylon  
  55  5:05  Probe  
  60  5:10  Warp Prism  
  60  5:12  Assimilator  
  60  5:13  Protoss Ground Weapons Level 1  
  61  5:16  Assimilator  
  61  5:17  Pylon  
  62  5:23  Probe  
  62  5:24  Probe  
  64  5:35  Probe  
  65  5:36  Probe  
  66  5:43  Gateway  
  66  5:46  Charge  
  67  5:50  Probe  
  67  5:53  Gateway  
  67  5:56  Immortal  
  67  6:03  Templar Archives  
  71  6:10  Gateway  
  71  6:14  Probe  
  72  6:20  Stalker x2  
  74  6:28  Immortal  
  74  6:30  Probe  
  75  6:46  Zealot x3  
  81  6:56  Gateway  
  81  6:57  Gateway  
  81  6:59  Protoss Ground Weapons Level 2  
  81  7:01  High Templar, Pylon  
  83  7:03  Observer, Pylon  
  83  7:06  Gateway  
  83  7:08  High Templar  
  86  7:17  Pylon  
  86  7:27  Archon  
  86  7:28  Zealot  
  86  7:29  Zealot x2  
  92  7:30  Immortal  
  92  7:32  Pylon  
  92  7:34  Pylon  
  92  7:39  Zealot  
  98  7:50  High Templar  
  98  7:51  Zealot x2, High Templar  
  106  8:03  Archon  
  106  8:05  Zealot x3  
  112  8:14  Zealot x3  
  112  8:17  Pylon  
  116  8:25  High Templar x2  
  120  8:29  Archon, Warp Prism  
  122  8:36  Pylon  
  122  8:41  Zealot, High Templar x2  
  124  8:42  Zealot x2  
  124  8:46  Archon  
  124  8:47  Pylon  
  132  8:52  Zealot  
  134  9:09  High Templar x2  
  138  9:14  Archon  
  138  9:22  Nexus  
  138  9:32  Zealot x2  
  138  9:33  Zealot x4  
  137  9:58  High Templar x2  
  141  10:02  Archon  
  141  10:04  Photon Cannon  
  141  10:07  Zealot x2  
  145  10:16  Pylon  
  145  10:18  Pylon  
  145  10:23  Zealot x2  
  145  10:28  Immortal  
  148  10:40  High Templar x2  
  156  10:47  Archon  
  156  10:52  Zealot x4  
  164  11:05  Zealot  
  164  11:06  Zealot  
  164  11:10  Shield Battery  
  164  11:22  Zealot x5  
  164  11:23  Zealot  
Show
View Real Time Build Order
Export as new Build Order

GunGFuBanDa Protoss 

Build Orders: Blink Stalkers, Zealot Archon 

Get SALT Encoding   

  12  0:00  Probe  
  13  0:13  Probe  
  14  0:19  Pylon  
  14  0:24  Probe  
  15  0:33  Probe  
  15  0:37  Gateway  
  15  0:41  Probe  
  16  0:46  Assimilator  
  17  0:51  Probe  
  17  0:54  Assimilator  
  18  0:59  Probe  
  19  1:07  Probe  
  19  1:08  Gateway  
  20  1:18  Probe  
  20  1:25  Cybernetics Core  
  21  1:30  Probe  
  22  1:37  Pylon  
  22  1:42  Probe  
  23  1:55  Probe  
  24  2:01  Stalker x2  
  24  2:03  Warp Gate  
  24  2:08  Probe  
  29  2:16  Pylon  
  29  2:31  Adept  
  29  2:34  Adept  
  29  2:35  Probe  
  33  2:56  Nexus, Probe  
  33  3:02  Sentry  
  36  3:11  Probe  
  36  3:18  Twilight Council  
  37  3:23  Probe  
  38  3:31  Pylon  
  38  3:35  Probe  
  38  3:36  Blink  
  39  3:41  Shield Battery  
  39  3:46  Probe  
  39  3:51  Sentry  
  39  3:52  Sentry  
  44  3:56  Forge  
  44  4:03  Immortal, Probe  
  44  4:06  Probe  
  46  4:13  Shield Battery  
  44  4:21  Probe  
  43  4:25  Stalker x2  
  43  4:31  Protoss Ground Weapons Level 1, Probe  
  46  4:34  Shield Battery  
  46  4:35  Probe  
  47  4:44  Probe  
  48  4:47  Probe, Robotics Facility  
  49  4:56  Probe  
  49  4:58  Stalker  
  53  5:00  Probe  
  53  5:03  Assimilator  
  53  5:06  Probe  
  53  5:07  Assimilator  
  53  5:11  Pylon  
  53  5:12  Probe  
  55  5:14  Probe  
  56  5:23  Probe  
  56  5:24  Probe  
  56  5:27  Pylon  
  58  5:35  Probe  
  59  5:36  Observer, Charge, Probe  
  59  5:40  Gateway  
  59  5:41  Gateway  
  61  5:47  Pylon  
  61  5:49  Immortal  
  61  5:53  Gateway  
  61  5:59  Templar Archives  
  65  6:17  Gateway  
  65  6:18  Gateway  
  65  6:20  Stalker, Zealot  
  66  6:27  Immortal  
  66  6:30  Protoss Ground Weapons Level 2  
  68  6:41  Observer  
  61  6:47  Zealot x2, Pylon  
  61  6:48  Pylon  
  61  6:49  Probe  
  66  7:10  Warp Prism  
  66  7:11  Gateway  
  66  7:13  Pylon  
  66  7:14  High Templar x4  
  76  7:16  Zealot x2  
  76  7:18  Archon x2  
  80  7:29  Probe  
  79  7:41  Nexus  
  79  7:42  Pylon  
  79  7:49  Probe  
  79  7:52  Disruptor  
  79  7:54  High Templar x2  
  79  7:56  Zealot x5  
  89  8:02  Probe  
  90  8:05  Phoenix  
  90  8:08  Protoss Ground Weapons Level 3  
  90  8:11  Nexus  
  90  8:20  Probe  
  90  8:26  Archon  
  91  8:27  High Templar x2, Pylon  
  95  8:35  Archon  
  95  8:36  Zealot x3  
  95  8:39  Pylon  
  101  8:51  Photon Cannon  
  101  9:08  Shield Battery  
  101  9:09  Zealot, High Templar x2  
  107  9:10  Zealot x2  
  107  9:13  Archon  
  107  9:15  Pylon  
  111  9:19  Pylon  
  110  9:34  Zealot x3  
  110  9:37  Zealot x2  
  114  9:50  Warp Prism  
  116  9:56  Nexus  
  116  9:57  High Templar x2  
  120  10:02  Archon  
  120  10:05  High Templar x2  
  120  10:06  Zealot  
  126  10:10  Pylon, Archon  
  126  10:30  Zealot  
  126  10:36  High Templar x2  
  126  10:37  Zealot x2  
  126  10:41  Pylon  
  126  10:42  Archon  
  134  10:43  Pylon  
  134  10:52  Pylon  
  134  11:02  High Templar  
  134  11:03  Zealot x4, High Templar  
  146  11:06  Archon  
  144  11:13  Zealot x2  
Tags
 
Add a new tag
Caveats
  • Supply blocks, unpowered buildings, or Contaminate may cause inaccurate times.
  • Supply counts are checked every 10 seconds.